 Dungeon Crawl Stone Soup version 0.16-a0-3913-g9d9d7ce (webtiles) character file.

380 Herrn the Conjurer (level 6, -8/56 HPs)
             Began as a Naga Fire Elementalist on Feb 4, 2015.
             Killed from afar by Pikel (22 damage)
             ... with a wand of cold
             ... on level 4 of the Dungeon.
             The game lasted 00:25:17 (3733 turns).

Herrn the Conjurer (Naga Fire Elementalist)         Turns: 3733, Time: 00:25:17

Health: -8/56      AC:  4    Str: 11    XL:     6   Next: 75%
Magic:  10/10      EV: 10    Int: 17    God:
Gold:   301        SH:  0    Dex: 11    Spells: 1 memorised, 8 levels left

rFire  . . .     SeeInvis +     q - +0 trident
rCold  . . .     Clarity  .     a - +0 robe
rNeg   . . .     SustAb   .     (no shield)
rPois  +         Gourm    .     l - +0 helmet (curse)
rElec  .         Spirit   .     (no cloak)
rCorr  .         Warding  .     (no gloves)
rMut   .         Stasis   .     (no barding)
MR     .....                    x - amulet of rage
Stlth  +.........               (no ring)
                                (no ring)

@: confused, very slow, not resistant to hostile enchantments, very unstealthy
A: spit poison, see invisible, deformed body, poison resistance, slowness 2, AC
+2
a: Spit Poison, Evoke Berserk Rage


You were on level 4 of the Dungeon.
You were hungry.

You visited 1 branch of the dungeon, and saw 4 of its levels.

You collected 301 gold pieces.

Inventory:

Hand weapons
 h - a +0 hand axe
 k - a +1 dagger of draining
 q - a +0 trident (weapon)
 y - a +0 spear
Armour
 a - a +0 robe (worn)
 l - a cursed +0 helmet (worn)
Jewellery
 x - an amulet of rage (around neck)
Magical devices
 s - a wand of flame (28)
Scrolls
 d - a scroll of amnesia {unknown}
 e - a scroll of fog
 m - a scroll of blinking {unknown}
 n - a scroll of remove curse
 o - 2 scrolls of enchant weapon {unknown}
 p - a scroll of fear {unknown}
 u - a scroll of magic mapping {unknown}
 v - a scroll of teleportation {unknown}
 A - a scroll of random uselessness {unknown}
Potions
 j - 2 potions of curing
 r - a potion of haste
 t - 2 potions of poison
 w - a potion of brilliance
 z - a potion of beneficial mutation
Books
 b - a book of Flames

   Spells                             Type                      Level
   a - Flame Tongue                   Conjuration/Fire             1
   b - Throw Flame                    Conjuration/Fire             2
   c - Conjure Flame                  Conjuration/Fire             3
   d - Inner Flame                    Hexes/Fire                   3
   e - Sticky Flame                   Conjuration/Fire             4
   f - Fireball                       Conjuration/Fire             5
Comestibles
 c - 3 bread rations
 g - 3 meat rations
 B - 4 fruits


   Skills:
 * Level 3.2 Fighting
 * Level 2.2 Polearms
 * Level 0.1 Armour
 + Level 3.0 Dodging
 - Level 3.0 Stealth
 - Level 2.0 Spellcasting
 + Level 3.9 Conjurations
 - Level 3.0 Fire Magic


You had 8 spell levels left.
You knew the following spells:

 Your Spells              Type           Power        Failure   Level  Hunger
a - Flame Tongue          Conj/Fire      ##...        6%          1    #......


Dungeon Overview and Level Annotations

Branches:
Dungeon (4/15)
 Temple: D:4-7

Altars:
Elyvilon
Qazlal
Vehumet
Xom
Yredelemnul

Annotations:
D:4 Pikel


Innate Abilities, Weirdness & Mutations

You cannot wear boots.
You can spit poison.
Your serpentine skin is tough (AC +2).
You have supernaturally acute eyesight.
Armour fits poorly on your strangely shaped body.
Your system is resistant to poisons.
You cover ground very slowly.


Message History

Press: ? - help, Shift-Dir - straight line, f/p - Pikel
Aim: Pikel, wielding a whip of electrocution, wearing a robe and carrying a wand of cold {zapped: 3} (moderately wounded)
The splash of poison hits Pikel.
Pikel is poisoned.
Pikel is heavily wounded.
You feel slightly more hungry.
Pikel zaps a wand.
The bolt of cold hits you!
Casting: Flame Tongue
Confirm with . or Enter, or press ? or * to list all spells.
You can't see any susceptible monsters within range! (Use Z to cast anyway.) Unknown command.
Unknown command.
Unknown command.
Pikel zaps a wand.
The bolt of cold hits you!
* * * LOW HITPOINT WARNING * * *
Drink which item? (? for menu, Esc to quit)
You are confused.
You feel invigorated.
You have got your breath back.
Pikel zaps a wand.
The bolt of cold hits you!
You die...

##..##
#.................
##....#
##.......p...!....
##....##
##.....<.........
##..####
#.......p.....?
#.###
##..K...#######
#.# #......# #.#
#.###..# ### ##.#
###.# #@## .# ###
##


You could see Pikel.

Vanquished Creatures
  A slave (D:3)
  A giant frog (D:3)
  An orc priest (D:3)
  An orc wizard (D:3)
  A worker ant (D:4)
  4 gnolls
  3 giant mites (D:3)
  8 adders
  3 worms (D:2)
  3 giant geckos
  An ooze (D:4)
  5 orcs (D:3)
  A ball python (D:2)
  A bat skeleton (D:4)
  5 giant cockroaches
  10 goblins
  5 hobgoblins
  6 jackals
  3 bats
  3 giant newts
  9 kobolds
  A quokka (D:3)
  7 rats
83 creatures vanquished.

Notes
Turn   | Place    | Note
--------------------------------------------------------------
     0 | D:1      | Herrn, the Naga Fire Elementalist, began the quest for the Orb.
     0 | D:1      | Reached XP level 1. HP: 15/15 MP: 3/3
   456 | D:1      | Reached skill level 1 in Fighting
   456 | D:1      | Reached XP level 2. HP: 22/25 MP: 4/4
   891 | D:2      | Reached XP level 3. HP: 30/32 MP: 6/6
  1162 | D:2      | Found a radiant altar of Vehumet.
  1350 | D:2      | Reached XP level 4. HP: 39/39 MP: 5/7
  1397 | D:2      | Found a basalt altar of Yredelemnul.
  1399 | D:2      | Found a shimmering altar of Xom.
  1578 | D:3      | Found a stormy altar of Qazlal.
  1615 | D:3      | Reached skill level 1 in Polearms
  1836 | D:3      | Reached XP level 5. HP: 37/46 MP: 1/9
  2633 | D:3      | Reached XP level 6. HP: 54/56 MP: 8/10
  3009 | D:3      | Found a white marble altar of Elyvilon.
  3197 | D:4      | Noticed Pikel
  3733 | D:4      | Killed from afar by Pikel

Action                   |  1- 3 |  4- 6 || total
-------------------------+-------+-------++-------
Melee: Hand axe          |     1 |       ||     1
       Trident           |       |    22 ||    22
 Cast: Flame Tongue      |    20 |    83 ||   103
 Abil: Spit Poison       |    27 |    53 ||    80
  Use: Potion            |       |     2 ||     2
       Scroll            |       |     7 ||     7
 Stab: Sleeping          |       |     2 ||     2
  Eat: Chunk             |     2 |    11 ||    13
       Beef jerky        |       |     1 ||     1
